Map: Oxide LE

Players

MaNa

  • Race: Protoss Protoss

Harstem - Winner!

  • Race: Protoss Protoss

Event: DreamHack SC2 Masters 2021 Fall

VOD

Have the link to the VOD?

Description

Time

  • Played on: July 28, 2021, 12:09 p.m.
  • Length: 8:16

All games in this series

Show
View Real Time Build Order
Export as new Build Order

MaNa Protoss 

Build Orders:  

Get SALT Encoding   

  12  0:00  Probe  
  13  0:12  Probe  
  14  0:17  Pylon  
  14  0:24  Probe (Chrono Boost)  
  15  0:36  Probe (Chrono Boost)  
  15  0:39  Gateway  
  16  0:44  Probe (Chrono Boost)  
  16  0:46  Assimilator  
  17  0:51  Probe  
  18  1:03  Probe (Chrono Boost)  
  19  1:04  Assimilator  
  19  1:05  Pylon  
  20  1:12  Probe (Chrono Boost)  
  20  1:17  Probe (Chrono Boost)  
  21  1:29  Cybernetics Core  
  21  1:30  Probe  
  22  1:34  Zealot  
  24  1:41  Pylon  
  24  1:45  Probe  
  25  2:06  Adept, Stargate  
  27  2:09  Warp Gate  
  27  2:23  Probe  
  28  2:36  Probe  
  29  2:39  Shield Battery  
  29  2:40  Void Ray (Chrono Boost)  
  29  2:48  Probe  
  34  2:51  Pylon  
  33  3:00  Probe  
  34  3:07  Pylon  
  34  3:08  Void Ray (Chrono Boost)  
  34  3:13  Probe  
  38  3:25  Probe  
  39  3:38  Void Ray (Chrono Boost)  
  38  3:42  Adept  
  44  3:57  Probe  
  45  4:09  Probe  
  40  4:12  Void Ray (Chrono Boost)  
  45  4:24  Probe  
  45  4:25  Nexus  
  45  4:29  Twilight Council  
  45  4:39  Gateway  
  45  4:44  Probe  
  46  4:46  Pylon  
  46  4:55  Pylon  
  46  4:56  Probe  
  47  5:07  Dark Shrine  
  47  5:09  Probe  
  48  5:21  Probe  
  48  5:26  Blink, Shield Battery  
  48  5:28  Stalker  
  48  5:34  Probe  
  51  5:37  Probe (Chrono Boost)  
  51  5:41  Shield Battery  
  52  5:46  Probe (Chrono Boost)  
  52  5:49  Probe (Chrono Boost)  
  54  5:52  Pylon  
  54  5:55  Probe (Chrono Boost)  
  54  5:56  Probe (Chrono Boost)  
  56  6:00  Probe (Chrono Boost)  
  56  6:01  Forge  
  56  6:03  Probe  
  58  6:13  Probe  
  58  6:15  Probe  
  60  6:19  Dark Templar  
  60  6:20  Dark Templar  
  60  6:25  Probe  
  65  6:26  Pylon  
  65  6:28  Probe  
  65  6:37  Probe  
  66  6:40  Probe  
  66  6:46  Nexus  
  67  6:49  Probe  
  67  6:52  Probe  
  69  6:59  Assimilator  
  68  7:01  Probe  
  68  7:04  Probe  
  69  7:09  Gateway  
  69  7:12  Gateway  
  69  7:13  Probe  
  70  7:16  Probe  
  70  7:20  Gateway x2  
  71  7:23  Shield Battery  
  71  7:25  Probe  
  71  7:28  Probe  
  73  7:32  Pylon  
  73  7:35  Robotics Facility  
  73  7:37  Probe  
  73  7:40  Probe  
  75  7:49  Probe  
  76  7:52  Probe  
  76  7:54  Stalker x2  
  75  8:06  Stalker  
  75  8:11  Stalker  
Show
View Real Time Build Order
Export as new Build Order

Harstem Protoss - Winner!

Build Orders: 1 Gate Expand, Proxy Void Ray 

Get SALT Encoding   

  12  0:00  Probe  
  13  0:12  Probe  
  14  0:19  Pylon  
  14  0:24  Probe  
  15  0:37  Gateway, Probe (Chrono Boost)  
  16  0:46  Probe (Chrono Boost)  
  16  0:47  Assimilator  
  17  0:51  Probe  
  18  1:03  Probe  
  19  1:20  Nexus  
  19  1:24  Probe  
  20  1:36  Cybernetics Core  
  20  1:38  Probe  
  21  1:44  Assimilator  
  21  1:50  Probe  
  22  1:55  Pylon  
  22  2:02  Probe  
  23  2:10  Adept (Chrono Boost)  
  23  2:15  Probe  
  26  2:22  Stargate  
  26  2:27  Probe  
  27  2:33  Stalker  
  29  2:38  Probe  
  30  2:46  Probe  
  31  2:57  Void Ray (Chrono Boost)  
  32  3:02  Shield Battery  
  32  3:03  Stalker  
  33  3:12  Probe  
  38  3:14  Shield Battery  
  38  3:15  Probe  
  39  3:25  Void Ray (Chrono Boost)  
  39  3:28  Shield Battery  
  39  3:31  Shield Battery  
  43  3:36  Probe  
  43  3:38  Probe  
  45  3:46  Pylon  
  45  3:48  Probe  
  46  3:58  Void Ray (Chrono Boost)  
  44  4:09  Shield Battery, Probe x2  
  50  4:16  Stalker  
  52  4:21  Probe x2  
  54  4:28  Shield Battery  
  54  4:29  Pylon  
  54  4:31  Assimilator  
  54  4:36  Shield Battery  
  54  4:41  Void Ray (Chrono Boost)  
  54  4:45  Pylon  
  54  4:49  Warp Gate  
  54  4:51  Probe  
  59  4:58  Probe  
  60  5:02  Pylon  
  60  5:03  Probe  
  60  5:05  Stalker  
  63  5:10  Probe  
  64  5:16  Probe  
  63  5:22  Probe  
  63  5:26  Twilight Council, Oracle (Chrono Boost)  
  63  5:28  Probe  
  65  5:35  Probe  
  69  5:40  Gateway, Probe  
  70  5:43  Forge  
  70  5:47  Probe  
  70  5:48  Pylon  
  71  5:52  Probe  
  71  5:54  Pylon  
  72  5:58  Blink (Chrono Boost)  
  72  6:01  Robotics Facility  
  72  6:10  Protoss Ground Weapons Level 1 (Chrono Boost)  
  72  6:21  Gateway  
  72  6:25  Gateway  
  72  6:26  Probe  
  72  6:27  Nexus  
  73  6:34  Pylon  
  73  6:39  Probe x2  
  75  6:45  Photon Cannon  
  74  6:48  Observer (Chrono Boost)  
  74  6:51  Probe  
  74  6:53  Probe  
  75  6:59  Stalker x2  
  79  7:03  Gateway, Probe  
  79  7:05  Gateway, Probe  
  81  7:11  Observer  
  81  7:15  Stalker, Probe  
  83  7:17  Probe  
  83  7:19  Stalker  
  88  7:23  Photon Cannon  
  88  7:27  Stalker, Probe  
  88  7:29  Probe  
  92  7:30  Stalker  
  94  7:38  Stalker  
  94  7:40  Probe  
  94  7:42  Stalker  
  94  7:43  Probe  
  100  7:46  Probe  
  100  7:48  Pylon  
  100  7:51  Stalker  
  103  8:00  Stalker x3  
  103  8:02  Probe  
  110  8:10  Stalker x2  

Tags
 
Add a new tag
Caveats
  • Supply blocks, unpowered buildings, or Contaminate may cause inaccurate times.
  • Supply counts are checked every 10 seconds.